 Dungeon Crawl Stone Soup version 0.30-a0-166-g5d06c95188 (webtiles) character file.

Game seed: 12617189063167682804

704 qw the Chopper (level 7, 0/43 HPs)
             Began as a Gargoyle Fighter on Sept 29, 2022.
             Slain by an orc wizard
             ... wielding a +0 dagger
              (4 damage)
             ... on level 5 of the Dungeon.
             The game lasted 00:01:43 (4374 turns).

qw the Chopper (Gargoyle Fighter)                   Turns: 4374, Time: 00:01:43

Health: 0/43       AC: 17    Str: 21    XL:     7   Next: 66%
Magic:  7/7        EV:  5    Int:  9    God:
Gold:   305        SH:  4    Dex:  9    Spells: 6/6 levels left

rFire   . . .      SeeInvis .    Y - +0 war axe
rCold   . . .      Faith    .    c - +0 buckler
rNeg    + . .      Spirit   .    j - +0 plate armour
rPois   inf        Reflect  .    (no helmet)
rElec   +          Harm     .    q - +0 cloak
rCorr   .          Rampage  .    (no gloves)
Will    .....                    (no boots)
Stlth   ..........               (no amulet)
HPRegen 0.14/turn                (no ring)
MPRegen 0.10/turn                (no ring)

@: no status effects
A: sickness immunity, AC +4, negative energy resistance 1, electricity
resistance, torment resistance 1, petrification resistance
a: no special abilities


You were on level 5 of the Dungeon.
You visited 1 branch of the dungeon, and saw 5 of its levels.

You collected 305 gold pieces.


Innate Abilities, Weirdness & Mutations

You are immune to sickness and miasma.
Your stone body is resilient. (AC +4)
You are immune to poison.
You resist negative energy. (rN+)
You are resistant to electric shocks. (rElec)
You are resistant to unholy torment.
You are immune to petrification.


   Skills:
 + Level 4.1 Fighting
 - Level 7.0 Axes
 - Level 4.1 Armour
 - Level 3.2 Shields


You had 6 spell levels left.
You didn't know any spells.
Your spell library was empty.

Inventory:

Hand Weapons
 n - the +2 whip "Geunocs" {pain, Drain rF+++ rC+++ Int-4}
   (You found it on level 5 of the Dungeon)

   In the hands of one skilled in necromantic magic, it inflicts extra damage on
   living creatures.
   Int:       It affects your intelligence (-4).
   rF:        It renders you almost immune to fire.
   rC:        It renders you almost immune to cold.
   Drain:     It drains your maximum health when unequipped.
 s - a +0 flail of draining
 Y - a +0 war axe (weapon)
Armour
 b - the +1 hat of the Soft God {Rampage rN++ Int-5 Stlth+}
   (You acquired it on level 2 of the Dungeon)

   Int:       It affects your intelligence (-5).
   rN:        It greatly protects you from negative energy.
   Rampage:   It bestows one free step when moving towards enemies.
   Stlth:     It makes you more stealthy.
 c - a +0 buckler (worn)
 j - a +0 plate armour (worn)
 q - a +0 cloak (worn)
Jewellery
 h - a ring of protection from cold
Scrolls
 f - a scroll of teleportation
 m - a scroll of identify
 p - a scroll of magic mapping {unknown}
Potions
 a - a potion of lignification
 d - 3 potions of might
 g - a potion of haste
 i - a potion of brilliance {unknown}
 k - a potion of resistance {unknown}
 l - a potion of flight {unknown}
 o - a potion of degeneration {unknown}

Dungeon Overview and Level Annotations

Branches:
Dungeon (5/15)
 Temple: D:4-7

Altars:
Yredelemnul
Zin


Message History

The jelly hits you.
You are splashed with acid.
Something hits you but does no damage.
You hit the jelly.
Your hands burn!
The jelly is heavily wounded.
You barely miss something. You completely miss something.
Something hits you but does no damage. The jelly hits you.
You are splashed with acid!
Something hits you but does no damage.
You hit the jelly.
Your hands burn!
The jelly is severely wounded.
You closely miss something. You completely miss something. Something hits you.
The jelly hits you but does no damage. Something hits you but does no damage.
You slash the jelly!
You kill the jelly!
You miss something. You completely miss something.
Something hits you but does no damage. x2
Your Axes skill increases to level 7!
You're too confused to attack without stumbling around!
There is a strange disturbance nearby!
Something hits you but does no damage. x2
You're too confused to attack without stumbling around!
There is a strange disturbance nearby!
Something hits you but does no damage. x2
You're too confused to attack without stumbling around!
There is a strange disturbance nearby!
Something hits you but does no damage. x2
You're too confused to attack without stumbling around!
There is a strange disturbance nearby!
You feel less confused. You block something's attack.
Something hits you but does no damage.
You closely miss something. You hit something.
Something hits you but does no damage. x2
You miss something. x2
Something hits you but does no damage. x2
You hear some strange, mumbled words.
Something tries to affect you, but you resist.
Something hits you but does no damage.
You miss something. You barely miss something. Something hits you.
You die...

#............
#............
#............
##+#########............
.................#######
.................#......
.................#......
......{..........#......
......)@{........#######
......#)########.......#
......'.. #.......#
......#... #.......+
......#.... #.......#
..... #..... #.......# .
... #...... +.......#
... #....... #.......#
#.......#


There were no monsters in sight!

Vanquished Creatures
  An ice beast (D:5)
  An ogre (D:5)
  A bullfrog (D:4)
  A scorpion (D:5)
  2 jellies
  4 orc wizards (D:3)
  An iguana (D:4)
  A scorpion zombie (D:4)
  A hound zombie (D:4)
  4 gnolls
  3 adders
  A worm (D:4)
  2 dart slugs
  16 orcs
  10 endoplasms
  6 giant cockroaches
  8 hobgoblins
  4 kobolds
  2 quokkas
  7 ball pythons
  4 bats
  5 frilled lizards
  3 goblins
  5 rats
93 creatures vanquished.

Notes
Turn   | Place    | Note
-------+----------+-------------------------------------------
     0 | D:1      | qw the Gargoyle Fighter began the quest for the Orb.
     0 | D:1      | Reached XP level 1. HP: 14/14 MP: 1/1
     0 | D:1      | 0 ||| qw: Version: 0.2-a-12-gaebbb33
     0 | D:1      | 0 ||| qw: Game counter: 1026
     0 | D:1      | 0 ||| qw: Always use a shield: true
     0 | D:1      | 0 ||| qw: God list: Okawaru
     0 | D:1      | 0 ||| qw: Allow faded altars: false
     0 | D:1      | 0 ||| qw: Do Orc after D:15 true
     0 | D:1      | 0 ||| qw: Do second Lair branch before Depths: true
     0 | D:1      | 0 ||| qw: Lair rune preference: random
     0 | D:1      | 0 ||| qw: Plans: Normal, Zot:1-4, God:TSO, Crypt, Tomb,
                  | Pan, Slime:5, Hells, Abyss, Orb
     0 | D:1      | 0 ||| PLANNING D:1-11
    41 | D:1      | Reached skill level 2 in Axes
    50 | D:1      | 50 ||| Stepping ~*~*~tactically~*~*~ (hiding).
   122 | D:1      | Reached XP level 2. HP: 17/19 MP: 2/2
   151 | D:1      | 151 ||| Stepping ~*~*~tactically~*~*~ (stealth).
   450 | D:1      | Reached skill level 3 in Axes
   450 | D:1      | Reached XP level 3. HP: 10/23 MP: 3/3
  1020 | D:1      | 1020 ||| DROPPING ring of flight.
  1021 | D:1      | 1021 ||| READING scroll labelled PEMUIX OPHICU.
  1026 | D:1      | 1026 ||| READING scroll labelled IKLANGA YDDUSY.
  1027 | D:1      | 1027 ||| READING scroll labelled ZOPHARU RAIFF.
  1028 | D:1      | 1028 ||| READING scroll labelled CUNTAURU RION.
  1112 | D:2      | Reached XP level 4. HP: 20/28 MP: 4/4
  1118 | D:2      | Reached skill level 4 in Axes
  1128 | D:2      | 1128 ||| FLEEEEING.
  1130 | D:2      | 1130 ||| STAIRDANCE
  1215 | D:1      | 1215 ||| READING scroll labelled POUNUFI DYKHAI.
  1392 | D:2      | 1392 ||| Stepping ~*~*~tactically~*~*~ (stealth).
  1478 | D:2      | 1478 ||| Stepping ~*~*~tactically~*~*~ (stealth).
  1480 | D:2      | 1480 ||| Stepping ~*~*~tactically~*~*~ (stealth).
  1619 | D:2      | Found a faded altar of an unknown god.
  1708 | D:2      | 1708 ||| UPGRADING to +0 plate armour.
  1718 | D:2      | 1718 ||| DROPPING +0 scale mail.
  1719 | D:2      | 1719 ||| READING scroll labelled ZOETEPPERA.
  1720 | D:2      | 1720 ||| READING scroll labelled KABEZE JENO.
  1721 | D:2      | 1721 ||| READING scroll labelled ENOISIZX PUYMP.
  1721 | D:2      | Identified a scroll of acquirement
  1721 | D:2      | 1721 ||| ACQUIRING +1 hat of the Soft God {Rampage rN++
                  | Int-5 Stlth+}
  1721 | D:2      | Acquired the +1 hat of the Soft God {Rampage rN++ Int-5
                  | Stlth+}
  1968 | D:3      | Reached XP level 5. HP: 12/32 MP: 5/5
  2171 | D:3      | 2171 ||| DROPPING +0 whip.
  2197 | D:3      | Reached skill level 5 in Axes
  2460 | D:3      | 2460 ||| Stepping ~*~*~tactically~*~*~ (hiding).
  2597 | D:3      | 2597 ||| DROPPING +0 flail.
  2652 | D:3      | 2652 ||| UPGRADING to +0 cloak.
  2657 | D:3      | 2657 ||| READING scroll labelled LOCZYH WONIOLUVVUB.
  2658 | D:3      | 2658 ||| READING 2 scrolls labelled HOCYANW HYTITT.
  2659 | D:3      | 2659 ||| READING scroll labelled QAEROJA APIADO.
  2660 | D:3      | 2660 ||| DRINKING 2 lumpy pink potions.
  2661 | D:3      | 2661 ||| DROPPING potion of invisibility.
  2738 | D:4      | Reached XP level 6. HP: 31/38 MP: 6/6
  2912 | D:4      | 2912 ||| Stepping ~*~*~tactically~*~*~ (stealth).
  3154 | D:4      | 3154 ||| Stepping ~*~*~tactically~*~*~ (stealth).
  3155 | D:4      | 3155 ||| Stepping ~*~*~tactically~*~*~ (stealth).
  3159 | D:4      | 3159 ||| Stepping ~*~*~tactically~*~*~ (stealth).
  3176 | D:4      | 3176 ||| FLEEEEING.
  3177 | D:4      | 3177 ||| FLEEEEING.
  3239 | D:4      | Found a basalt altar of Yredelemnul.
  3330 | D:4      | 3330 ||| DRINKING 2 green potions.
  3331 | D:4      | 3331 ||| READING 3 scrolls of identify.
  3331 | D:4      | 3331 ||| IDENTIFYING smoky black potion
  3332 | D:4      | 3332 ||| READING 2 scrolls of identify.
  3332 | D:4      | 3332 ||| IDENTIFYING silvery potion
  3337 | D:5      | Entered Level 5 of the Dungeon
  3394 | D:5      | Identified the +2 whip "Geunocs" {pain, Drain rF+++ rC+++
                  | Int-4}
  3410 | D:5      | Reached skill level 6 in Axes
  3476 | D:5      | HP: 4/38 [ogre/+0 giant club (10)]
  3477 | D:5      | 3477 ||| READING 2 scrolls of teleportation.
  3480 | D:5      | Reached XP level 7. HP: 5/43 MP: 7/7
  3829 | D:5      | Found a glowing silver altar of Zin.
  3973 | D:5      | 3973 ||| Stepping ~*~*~tactically~*~*~ (stealth).
  4341 | D:5      | 4341 ||| Stepping ~*~*~tactically~*~*~ (hiding).
  4342 | D:5      | 4342 ||| Stepping ~*~*~tactically~*~*~ (hiding).
  4350 | D:5      | 4350 ||| DRINKING 2 potions of curing.
  4350 | D:5      | 4350 ||| (to cure confusion)
  4360 | D:5      | 4360 ||| DRINKING potion of curing.
  4360 | D:5      | 4360 ||| (to cure confusion)
  4365 | D:5      | HP: 8/43 [acid (10)]
  4366 | D:5      | HP: 3/43 [something (4)]
  4368 | D:5      | Reached skill level 7 in Axes
  4374 | D:5      | Slain by an orc wizard

Levels and vault maps discovered:
D:1:      matt_arrival_diagonals, layout_rooms
D:2:      layout_basic, shapermc_ecumenical_altar_mp_ritualfount
D:3:      layout_basic, minmay_liquid_box
D:4:      layout_cave_pools, lemuel_zombie_altar_yredelemnul
D:5:      layout_gridville, okawaru_altar_gauntlet_db, lemuel_crystal_altar

Skill      XL: |  1  2  3  4  5  6  7 |
---------------+----------------------+-----
Axes           | 2 3 4 5 6 7 |  7.0
Fighting       | 4 |  4.1
Armour         | 4 |  4.1
Shields        | |  3.2

Action                   |  1- 3 |  4- 6 |  7- 9 || total
-------------------------+-------+-------+-------++-------
Melee: War axe           |    60 |   208 |    84 ||   352
  Use: Scroll            |     4 |    10 |       ||    14
       Potion            |       |     2 |     2 ||     4
Armor: Scale mail        |    39 |    26 |       ||    65
       Plate armour      |       |   101 |    76 ||   177
Dodge: Dodged            |    27 |    66 |    13 ||   106
Block: Buckler           |     9 |    27 |    18 ||    54

Table legend:
 A = Non-vault XP
 B = Vault XP
 C = Vault XP percentage of total XP
 D = Non-vault monster count
 E = Vault monster count
 F = Vault count percentage of total count
                 A         B        C        D         E       F
            +---------+---------+-------+---------+---------+-------
      Total |     949 |      57 |   5.7 |      91 |       2 |   2.2
            +---------+---------+-------+---------+---------+-------
        D:1 |      47 |       0 |   0.0 |      19 |       0 |   0.0
        D:2 |      84 |       0 |   0.0 |      19 |       0 |   0.0
        D:3 |     180 |       0 |   0.0 |      21 |       0 |   0.0
        D:4 |     156 |      57 |  26.8 |      14 |       2 |  12.5
        D:5 |     482 |       0 |   0.0 |      18 |       0 |   0.0
            +---------+---------+-------+---------+---------+-------
